 Dungeon Crawl Stone Soup version 0.21-a0-437-ge5bf024 (webtiles) character file.

333 Marlhin the Chopper (level 6, -1/55 HPs)
             Began as a Minotaur Berserker on Nov 9, 2017.
             Was a Priest of Trog.
             Slain by Grinder (7 damage)
             ... on level 4 of the Dungeon.
             The game lasted 00:16:56 (3635 turns).

Marlhin the Chopper (Minotaur Berserker)            Turns: 3635, Time: 00:16:56

Health: -1/55      AC:  3    Str: 22    XL:     6   Next: 27%
Magic:  5/5        EV: 13    Int:  4    God:    Trog [***...]
Gold:   163        SH:  0    Dex: 11    Spells: 5/5 levels left

rFire    + . .     SeeInvis .   a - +0 hand axe
rCold    + . .     Gourm    .   (no shield)
rNeg     . . .     Faith    .   q - +0 leather armour
rPois    +         Spirit   .   (helmet restricted)
rElec    +         Reflect  .   (no cloak)
rCorr    +         Harm     .   (no gloves)
MR       .....                  (no boots)
Stlth    +.........             (no amulet)
HPRegen  0.18/turn              (no ring)
MPRegen  0.09/turn              (no ring)

@: resistant, berserk cooldown, slowed, very slow
A: retaliatory headbutt, horns 2
a: Berserk, Trog's Hand, Burn Spellbooks, Renounce Religion


You were on level 4 of the Dungeon.
You worshipped Trog.
Trog was most pleased with you.
You were hungry.

You visited 1 branch of the dungeon, and saw 4 of its levels.

You collected 163 gold pieces.

Inventory:

Hand Weapons
 a - a +0 hand axe (weapon)
Armour
 q - a +0 leather armour (worn)
 v - a cursed +0 ring mail
Jewellery
 h - an uncursed ring of wizardry {unknown}
 l - a cursed -2 ring of protection {unknown}
 p - a cursed ring of teleportation {unknown}
 s - a cursed ring of loudness {unknown}
 t - a +4 ring of evasion {unknown}
Scrolls
 b - a scroll of enchant weapon {unknown}
 d - 3 scrolls of teleportation {unknown}
 e - a scroll of remove curse {unknown}
 g - a scroll of blinking {unknown}
 k - a scroll of fog {unknown}
 n - a scroll of magic mapping {unknown}
Potions
 f - 2 potions of resistance
 j - 5 potions of brilliance
 o - a potion of mutation {unknown}
 r - a potion of ambrosia {unknown}
Comestibles
 c - 3 bread rations
 i - 9 fruits
 m - 3 meat rations


   Skills:
 + Level 4.9 Fighting
 * Level 6.1 Axes
 + Level 4.1 Armour
 + Level 3.8 Dodging


You had 5 spell levels left.
You didn't know any spells.

Dungeon Overview and Level Annotations

Branches:
Dungeon (4/15)
 Temple: D:4-7

Altars:
Okawaru
Qazlal
Trog
Uskayaw
Xom
Yredelemnul
Zin
The Shining One

Shops:
D:4 (

Annotations:
D:4 2 transporters, Grinder


Innate Abilities, Weirdness & Mutations

You reflexively headbutt those who attack you in melee.
You have a pair of horns on your head.


Message History

You hit Grinder.
Grinder is moderately wounded.
Grinder completely misses you. You furiously retaliate!
You headbutt Grinder. You hit Grinder. You headbutt Grinder.
Grinder is moderately wounded.
Grinder hits you but does no damage. Grinder hits you.
* * * LOW HITPOINT WARNING * * *
You hit Grinder. Your headbutt misses Grinder.
Grinder is heavily wounded.
Grinder completely misses you.
You closely miss Grinder.
Grinder is heavily wounded.
Grinder gestures at you. Pain shoots through your body!
* * * LOW HITPOINT WARNING * * *
Grinder barely misses you.
You hit Grinder but do no damage.
Grinder is heavily wounded.
Grinder hits you!
You die...

......#
#....#8P#≈≈≈≈≈≈;#P8#
...####
#....#..#.......#..#
##.#
#...©#©/+...♣...+(©#
##.#
#####..#..#.......#..#
##.#
#......#8P#;;≈≈≈;;#P8#
##.#
#.###..###############
#.# ##.###.###........
....... ..#
................###
####### ###
###.###.##.@5...#
#.##......#
#.......### ####.####
... .... ...? #.....


You could see Grinder and 2 electric eels.

Vanquished Creatures
  2 centaur skeletons
  2 hounds (D:4)
  Jessica (D:3)
  2 worker ants (D:4)
  Robin (D:2)
  5 adders
  An adder skeleton (D:4)
  A worm (D:2)
  A dart slug (D:1)
  A leopard gecko (D:1)
  4 orcs (D:3)
  6 giant cockroaches
  14 goblins
  9 hobgoblins
  5 kobolds
  2 quokkas
  8 bats
  6 frilled lizards
  8 rats
79 creatures vanquished.

Notes
Turn   | Place    | Note
-------+----------+-------------------------------------------
     0 | D:1      | Marlhin the Minotaur Berserker began the quest for the Orb.
     0 | D:1      | Reached XP level 1. HP: 19/19 MP: 0/0
   253 | D:1      | Reached XP level 2. HP: 27/27 MP: 1/1
   257 | D:1      | Reached skill level 4 in Axes
   666 | D:1      | Reached ** piety under Trog
   869 | D:2      | Noticed Robin
   875 | D:1      | Reached XP level 3. HP: 26/33 MP: 2/2
  1147 | D:2      | Killed Robin
  1209 | D:2      | Found a stormy altar of Qazlal.
  1223 | D:2      | Reached XP level 4. HP: 27/40 MP: 3/3
  1622 | D:2      | Reached skill level 5 in Axes
  2293 | D:3      | Noticed Jessica
  2300 | D:3      | Killed Jessica
  2300 | D:3      | Reached XP level 5. HP: 47/47 MP: 4/4
  2523 | D:3      | Found an iron altar of Okawaru.
  2824 | D:3      | Found an iron altar of Okawaru.
  2824 | D:3      | Found a hide-covered altar of Uskayaw.
  2825 | D:3      | Found a basalt altar of Yredelemnul.
  2887 | D:3      | Found a bloodstained altar of Trog.
  3160 | D:4      | Found a transporter.
  3260 | D:4      | Reached XP level 6. HP: 55/55 MP: 5/5
  3368 | D:4      | Found a glowing silver altar of Zin.
  3373 | D:4      | Found a shimmering altar of Xom.
  3373 | D:4      | Found a stormy altar of Qazlal.
  3375 | D:4      | Found a shimmering altar of Xom.
  3375 | D:4      | Found a bloodstained altar of Trog.
  3375 | D:4      | Found a glowing golden altar of the Shining One.
  3524 | D:4      | Found Heez Buhu's Antique Weapon Shop.
  3543 | D:4      | Reached skill level 6 in Axes
  3573 | D:4      | Reached *** piety under Trog
  3593 | D:4      | Found a transporter.
  3609 | D:4      | Noticed Grinder
  3624 | D:4      | Paralysed by Grinder for 5 turns
  3635 | D:4      | Slain by Grinder

Vault maps used:
D:1:      elethiomel_arrival_maze, minmay_misc_feat_room,
          hangedman_feature_mirror, hex_intersection, minmay_tall_x
D:2:      grunt_qazlal_sundering, uniq_robin
D:3:      nicolae_overflow_hidden_temple, gammafunk_temple_overflow_forgotten,
          okawaru_metal_pillars_1_2, uniq_jessica
D:4:      gammafunk_steamed_eel, doesnt_xom_only_xom, serial_shops,
          kennysheep_little_box, uniq_grinder

Skill      XL: |  1  2  3  4  5  6 |
---------------+-------------------+-----
Axes           | 4 5 6 |  6.1
Fighting       | 4 |  4.9
Armour         | 3 4 |  4.1
Dodging        | 3 |  3.8

Action                   |  1- 3 |  4- 6 || total
-------------------------+-------+-------++-------
Melee: Hand axe          |    62 |   111 ||   173
       Headbutt          |     8 |     9 ||    17
Invok: Berserk           |     1 |     3 ||     4
  Use: Scroll            |       |     2 ||     2
       Potion            |       |     1 ||     1
  Eat: Chunk             |     2 |     8 ||    10
       Fruit             |       |     1 ||     1
Armor: Animal skin       |    13 |     1 ||    14
       Leather armour    |       |    11 ||    11
Dodge: Dodged            |    61 |    68 ||   129

Table legend:
 A = Spawn XP
 B = Non-spawn XP
 C = Spawn XP percentage of total XP
 D = Spawn monster count
 E = Non-spawn monster count
 F = Spawn count percentage of total count
 G = Total turns spent on level
                    A         B        C        D         E        F      G
               +---------+---------+-------+---------+---------+-------+---------
         Total |       0 |     476 |   0.0 |       0 |      79 |   0.0 |  3635
               +---------+---------+-------+---------+---------+-------+---------
           D:1 |       0 |      66 |   0.0 |       0 |      36 |   0.0 |  1134
           D:2 |       0 |     121 |   0.0 |       0 |      18 |   0.0 |  1101
           D:3 |       0 |      90 |   0.0 |       0 |      18 |   0.0 |   893
           D:4 |       0 |     199 |   0.0 |       0 |       7 |   0.0 |   507
               +---------+---------+-------+---------+---------+-------+---------
